 Dungeon Crawl Stone Soup version 0.26-a0-812-g31a745ddcd (webtiles) character file.

Game seed: 12875540398129073121

1227 Morbidden the Grave Robber (level 8, -8/58 HPs)
             Began as a Demonspawn Necromancer on Nov 14, 2020.
             Was a Follower of Cheibriados.
             Splashed by Ijyb's acid (13 damage)
             ... on level 5 of the Dungeon.
             The game lasted 00:17:16 (7517 turns).

Morbidden the Grave Robber (Demonspawn Necromancer) Turns: 7517, Time: 00:17:16

Health: -8/58      AC:  1    Str: 12    XL:     8   Next: 23%
Magic:  12/15      EV: 13    Int: 22    God:    Cheibriados [*.....]
Gold:   148        SH:  0    Dex: 16    Spells: 8/16 levels left

rFire    . . .     SeeInvis +   (no weapon)
rCold    + . .     Faith    .   (no shield)
rNeg     . . .     Spirit   .   a - +0 robe
rPois    .         Reflect  .   (helmet unavailable)
rElec    .         Harm     +   n - scarf {harm}
rCorr    .         Rampage  .   m - +0 pair of gloves
MR       .....                  (no boots)
Stlth    ++........             (no amulet)
HPRegen  0.19/turn              j - ring of protection from cold
MPRegen  0.14/turn              u - ring of see invisible

@: corroded, lightly drained, very slow
A: horns 3, molten scales 1, powered by death 1
a: Bend Time, Renounce Religion


You were on level 5 of the Dungeon.
You worshipped Cheibriados.
Cheibriados was aware of your devotion.
You visited 1 branch of the dungeon, and saw 5 of its levels.
You also visited: Sewer.

You collected 148 gold pieces.

Inventory:

Missiles
 c - 12 poisoned darts (quivered)
 w - 61 stones
 y - 3 silver javelins
Armour
 a - a +0 robe (worn)
 m - a +0 pair of gloves (worn)
 n - a scarf of harm (worn)
Jewellery
 j - a ring of protection from cold (left hand)
 u - a ring of see invisible (right hand)
Wands
 A - a wand of disintegration (16)
Scrolls
 e - a scroll of fear
 f - a scroll of blinking
 k - a scroll of fog
 l - 3 scrolls of remove curse
 o - 2 scrolls of magic mapping {unknown}
 p - 3 scrolls of teleportation {unknown}
 q - 3 scrolls of immolation
 r - 3 scrolls of identify {unknown}
 x - a scroll of vulnerability {unknown}
 B - a scroll of enchant armour {unknown}
Potions
 b - 4 potions of might {unknown}
 d - 2 potions of heal wounds {unknown}
 g - a potion of curing
 h - a potion of flight {unknown}
 i - a potion of berserk rage {unknown}
 s - 2 potions of degeneration {unknown}
 t - a potion of resistance {unknown}
 v - a potion of brilliance {unknown}
 z - a potion of lignification {unknown}


   Skills:
 * Level 3.2(3.0) Fighting
 + Level 3.7(3.5) Throwing
 * Level 3.0(2.7) Dodging
 + Level 2.1(1.9) Stealth
 + Level 0.4(0.2) Unarmed Combat
 + Level 4.9(4.6) Spellcasting
 + Level 7.5(7.2) Necromancy
 * Level 0.2(0.0) Invocations


You had 8 spell levels left.
You knew the following spells:

 Your Spells              Type           Power        Failure   Level
a - Pain                  Necr           ####         1%          1
b - Vampiric Draining     Necr           #####.....   1%          3
c - Animate Dead          Necr           #####.....   5%          4

Your spell library contained the following spells:

 Spells                   Type           Power        Failure   Level
 Animate Skeleton         Necr           #####.       1%          1
 Agony                    Necr           #####...     14%         5


Dungeon Overview and Level Annotations

Branches:
Dungeon (5/15)              Sewer (visited)
 Temple: D:4-7

Altars:
Cheibriados
Makhleb
Uskayaw
Wu Jian
Zin

Annotations:
D:2 1 runed translucent door, Crazy Yiuf
D:5 Ijyb


Innate Abilities, Weirdness & Mutations

You have a pair of large horns on your head.
You are partially covered in molten scales. (AC +2)
You regenerate a little health from kills.


Message History

You feel better.
Unknown command.
Unknown command.
Unknown command.
A worm comes into view.
Ijyb hits you with a +3 dagger of draining.
You feel drained.
The worm moves out of view.
Unknown command.
Unknown command.
Casting: Pain (safe; 1% risk of failure)
Confirm with . or Enter, or press ? or * to list all spells.
Aiming: Vampiric Draining (safe; 1% risk of failure)
Press: ? - help, Shift-Dir - straight line, f - Ijyb
Aim: Ijyb, wielding a +3 dagger of draining, wearing a +0 leather armour and carrying a wand of acid (8) Ijyb is heavily wounded.
You feel life coursing into your body.
Ijyb zaps a wand.
The bolt of acid hits you!!
* * * LOW HITPOINT WARNING * * *
The acid corrodes you!
You are splashed with acid!
You die...

############## #........)...#
#.##########.# #.#
######.########### #.#
#.....g@.........# #.#
#.###..#######.#.# ####.# #.#
#..# #.#.####### ...#.## #.# #..#
#<#.......< ##....####.###..#
#).........
##..........#...##......####.....
#...............##.####(# #.####
##.....#.####..†...# #.# #
###.............#### #.#


You could see Ijyb.

Vanquished Creatures
  3 ogres
  A phantom (D:4)
  A centaur (D:5)
  4 big kobolds (Sewer)
  A scorpion (D:4)
  2 orc priests
  3 hounds
  2 orc wizards (D:4)
  A worker ant zombie (D:5)
  3 river rats
  8 adders
  2 oozes (Sewer)
  10 worms
  3 dart slugs
  3 leopard geckos
  8 orcs
  4 ball pythons
  9 bats
  8 giant cockroaches
  12 goblins
  6 hobgoblins
  9 jackals
  19 kobolds
  3 quokkas (D:4)
  6 frilled lizards
  19 rats
150 creatures vanquished.

Notes
Turn   | Place    | Note
-------+----------+-------------------------------------------
     0 | D:1      | Morbidden the Demonspawn Necromancer began the quest for
                  | the Orb.
     0 | D:1      | Reached XP level 1. HP: 13/13 MP: 3/3
   197 | D:1      | Gained mutation: You have a pair of small horns on your
                  | head. [demonic ancestry]
   197 | D:1      | Reached XP level 2. HP: 19/19 MP: 3/5
   420 | D:1      | Reached skill level 5 in Necromancy
   985 | D:1      | Gained mutation: You have a pair of horns on your head.
                  | [demonic ancestry]
   985 | D:1      | Reached XP level 3. HP: 25/25 MP: 4/6
  1354 | D:2      | Learned a level 3 spell: Vampiric Draining
  1707 | D:2      | Reached skill level 1 in Throwing
  1968 | D:2      | Reached XP level 4. HP: 30/31 MP: 4/7
  2674 | D:2      | Found a runed translucent door.
  2675 | D:2      | Noticed Crazy Yiuf
  2873 | D:3      | Reached skill level 1 in Fighting
  3268 | D:3      | Noticed a +0 dagger
  3268 | D:3      | Noticed a +0 hand axe
  3269 | D:3      | Found a hide-covered altar of Uskayaw.
  3445 | D:3      | Gained mutation: You have a pair of large horns on your
                  | head. [demonic ancestry]
  3445 | D:3      | Reached XP level 5. HP: 35/37 MP: 6/8
  3547 | D:3      | Found an ornate altar of the Wu Jian Council.
  4032 | D:3      | Found a faded altar of an unknown god.
  4148 | D:4      | Found a burning altar of Makhleb.
  4151 | D:4      | Found a glowing silver altar of Zin.
  4151 | D:4      | Noticed an angel
  4151 | D:4      | Noticed a green death
  4156 | D:4      | Reached skill level 6 in Necromancy
  4204 | D:4      | Noticed a phantom
  4204 | D:4      | Noticed an ogre
  4366 | D:4      | Found a glowing drain.
  4370 | Sewer    | Entered a sewer
  4707 | Sewer    | Reached XP level 6. HP: 41/44 MP: 3/10
  4832 | Sewer    | Learned a level 4 spell: Animate Dead
  5303 | Sewer    | Gained mutation: You are partially covered in molten
                  | scales. (AC +2) [demonic ancestry]
  5303 | Sewer    | Reached XP level 7. HP: 41/51 MP: 8/12
  6024 | D:4      | Found a snail-covered altar of Cheibriados.
  6031 | D:4      | Became a worshipper of Cheibriados the Contemplative
  6124 | D:4      | Reached skill level 7 in Necromancy
  6464 | D:4      | Gained mutation: You regenerate a little health from kills.
                  | [demonic ancestry]
  6464 | D:4      | Reached XP level 8. HP: 34/58 MP: 12/14
  7032 | D:5      | Entered Level 5 of the Dungeon
  7147 | D:5      | Reached * piety under Cheibriados
  7511 | D:5      | Noticed Ijyb
  7517 | D:5      | Splashed by Ijyb's acid

Illustrated notes

Levels and vault maps discovered:
D:1:      scummos_arrival_forest, layout_basic
D:2:      kennysheep_six_static_rooms, layout_loops_ring,
          kennysheep_pointless_box, uniq_crazy_yiuf_cottage
D:3:      layout_basic, dancing_weapons_uskayaw, old_standard_altar,
          chequers_ecumenical_altar_island
D:4:      layout_loops_corners, grunt_temple_overflow_order_and_chaos_2,
          cheibriados_altar_1, gup_sewer_entry_spiral, minmay_misc_feat_rows
D:5:      layout_loops_ring, uniq_ijyb

Skill      XL: |  1  2  3  4  5  6  7  8 |
---------------+-------------------------+-----
Necromancy     | 5 6 7 |  7.5
Throwing       | 1 2 3 |  3.7
Fighting       | 1 2 3 |  3.2
Spellcasting   | 3 4 |  4.9
Stealth        | 2 |  2.1
Dodging        | 2 3 |  3.0
Unarmed Combat | |  0.4
Invocations    | |  0.2

Action                   |  1- 3 |  4- 6 |  7- 9 || total
-------------------------+-------+-------+-------++-------
Melee: Unarmed           |     3 |     8 |    49 ||    60
       Headbutt          |       |     1 |    12 ||    13
Throw: Dart              |   121 |   158 |    72 ||   351
       Stone             |       |       |    14 ||    14
 Cast: Pain              |    48 |    65 |    25 ||   138
       Vampiric Draining |       |    12 |    15 ||    27
       Animate Dead      |       |     1 |       ||     1
  Use: Scroll            |       |     5 |       ||     5
       Potion            |       |       |     1 ||     1
 Stab: Sleeping          |       |       |     1 ||     1
Armor: Robe              |     6 |     8 |    24 ||    38
Dodge: Dodged            |    17 |    34 |    59 ||   110

Table legend: (Time is in decaauts)
 A = Elapsed time spent in this place.
 B = Non-inter-level travel time spent in this place.
 C = Inter-level travel time spent in this place.
 D = Time resting spent in this place.
 E = Time spent auto-exploring this place.
 F = Levels seen in this place.
 G = Mean time per level.
                   A        B        C        D        E       F      G
               +--------+--------+--------+--------+--------+-----+--------+
         Total |   8043 |   7798 |    245 |    324 |   6059 |   6 | 1340.5 |
       Dungeon |   6530 |   6285 |    245 |    247 |   4847 |   5 | 1306.0 |
         Sewer |   1512 |   1512 |      0 |     77 |   1212 |   1 | 1512.0 |
               +--------+--------+--------+--------+--------+-----+--------+

Top non-repeatable levels by time:
     D:4: 1826 daAuts
     D:2: 1821 daAuts
   Sewer: 1512 daAuts
     D:1: 1216 daAuts
     D:3: 1084 daAuts
     D:5: 583 daAuts
